 Dungeon Crawl Stone Soup version 0.29-a0-490-g77b3608bb8 (webtiles) character file.

Game seed: 15417159795871845268

50813 NateTC the Severer (level 14, -2/133 HPs)
             Began as a Hill Orc Fighter on May 27, 2022.
             Was a High Priest of Beogh.
             Drowned by a water nymph (7 damage)
             ... on level 1 of the Shoals.
             The game lasted 01:16:27 (21737 turns).

NateTC the Severer (Hill Orc Fighter)              Turns: 21737, Time: 01:16:28

Health: -2/133     AC: 24    Str: 24    XL:     14   Next: 56%
Magic:  18/18      EV:  6    Int:  8    God:    Beogh [*****.]
Gold:   1235       SH:  0    Dex: 12    Spells: 13/13 levels left

rFire   + + +      SeeInvis +   a - +3 war axe (chaos)
rCold   . . .      Faith    .   R - +0 kite shield
rNeg    . . .      Spirit   .   E - +0 plate armour
rPois   .          Reflect  +   t - +2 helmet of Exkoijamm {Dex+2}
rElec   .          Harm     .   r - +0 cloak
rCorr   .          Rampage  .   S - +0 pair of gloves "Wane" {rF+++ SInv Stlth+}
Will    ++...                   n - +0 pair of boots
Stlth   ..........              y - amulet of reflection
HPRegen 0.32/turn               e - ring of protection from fire
MPRegen 0.16/turn               z - ring of willpower

@: confused, ambrosia-drunk, studying Axes
A: walk on water
a: Renounce Religion, Smiting, Recall Orcish Followers, Give Item to Named
Follower


You were on level 1 of the Shoals.
You worshipped Beogh.
Beogh was extremely pleased with you.
You visited 3 branches of the dungeon, and saw 17 of its levels.

You collected 1235 gold pieces.

Inventory:

Hand Weapons
 a - a +3 war axe of chaos (weapon)
 b - a +3 morningstar of draining
Armour
 n - a +0 pair of boots (worn)
 r - a +0 cloak (worn)
 t - the +2 helmet of Exkoijamm (worn) {Dex+2}
   (You found it on level 11 of the Dungeon)

   Dex:       It affects your dexterity (+2).
 B - +0 swamp dragon scales
 E - a +0 plate armour (worn)
 R - a +0 kite shield (worn)
 S - the +0 pair of gloves "Wane" (worn) {rF+++ SInv Stlth+}
   (You found it on level 5 of the Lair of Beasts)

   rF:        It renders you almost immune to fire.
   SInv:      It lets you see invisible.
   Stlth:     It makes you more stealthy.
Jewellery
 e - a ring of protection from fire (left hand)
 g - a +6 ring of dexterity
 y - an amulet of reflection (around neck)
 z - a ring of willpower (right hand)
 M - a ring of flight
 P - a ring of wizardry
Wands
 d - a wand of polymorph (8)
 l - a wand of iceblast (4)
 A - a wand of flame (21)
 C - a wand of digging (13)
 D - a wand of paralysis (20)
 H - a wand of mindburst (5)
 K - a wand of charming (7)
Scrolls
 f - 5 scrolls of teleportation
 j - 4 scrolls of amnesia
 m - 3 scrolls of magic mapping
 o - 3 scrolls of torment
 w - 3 scrolls of immolation
 G - 2 scrolls of fear
 O - 2 scrolls of identify
 Q - a scroll of poison
Potions
 h - 2 potions of resistance
 i - 3 potions of brilliance
 k - 4 potions of haste
 p - 2 potions of curing
 q - 3 potions of lignification
 s - a potion of invisibility
 u - 3 potions of attraction
 v - 7 potions of ambrosia
 x - 3 potions of cancellation
 F - 2 potions of berserk rage
 I - a potion of flight
Miscellaneous
 N - a lightning rod (4/4)


   Skills:
 - Level 14.8 Fighting
 - Level 18.0 Axes
 - Level 12.8 Armour
 * Level 10.4 Shields
 - Level 6.3 Invocations
 - Level 10.0 Evocations


You had 13 spell levels left.
You didn't know any spells.
Your spell library contained the following spells:

 Spells                   Type           Power      Damage    Failure   Level
 Necrotize                Necr           0%         1d4       100%        1
 Slow                     Hex            0%         N/A       100%        1
 Ensorcelled Hibernation  Hex/Ice        0%         N/A       100%        2
 Scorch                   Fire           0%         2d5       100%        2
 Call Canine Familiar     Summ           0%         N/A       100%        3
 Inner Flame              Hex/Fire       0%         N/A       100%        3
 Portal Projectile        Hex/Tloc       0%         N/A       100%        3
 Spider Form              Tmut/Pois      0%         N/A       100%        3
 Tukima's Dance           Hex            0%         N/A       100%        3
 Airstrike                Air            0%         N/A       100%        4
 Anguish                  Hex/Necr       0%         N/A       100%        4
 Cause Fear               Hex            0%         N/A       100%        4
 Flame Wave               Conj/Fire      0%         2d4       100%        4
 Leda's Liquefaction      Hex/Erth       0%         N/A       100%        4
 Summon Ice Beast         Ice/Summ       0%         N/A       100%        4
 Summon Lightning Spire   Summ/Air       0%         N/A       100%        4
 Blade Hands              Tmut           0%         N/A       100%        5
 Lightning Bolt           Conj/Air       0%         1d11      100%        5
 Summon Forest            Summ/Tloc      0%         N/A       100%        5
 Summon Mana Viper        Hex/Summ       0%         N/A       100%        5
 Summon Cactus Giant      Summ           0%         N/A       100%        6
 Monstrous Menagerie      Summ           0%         N/A       100%        7
 Discord                  Hex            0%         N/A       100%        8


Dungeon Overview and Level Annotations

Branches:
Dungeon (11/15)            Temple (0/1) D:6            Lair (5/6) D:8
 Shoals (1/4) Lair:4       Spider (0/4) Lair:4          Orc (0/2) D:10
  Slime: Lair:5-6

Altars:
Ashenzari
Cheibriados
Elyvilon
Okawaru
Sif Muna
Trog
Vehumet
Yredelemnul

Shops:
D:7 (

Portals:
Trove: D:11 (give 7 potions of haste)

Annotations:
D:6 1 runed translucent door, Crazy Yiuf
D:7 3 runed translucent doors, logorrheac's ghost, novice GnWn
D:9 exclusion: statue
D:11 2 transporters
Lair:5 Nergalle
Shoals:1 Kirke


Message History

The +0 pair of gloves "Wane" {rF+++ SInv Stlth+} unmelds from your body.
Your +0 pair of boots unmelds from your body.
Your +0 kite shield unmelds from your body.
Your +0 plate armour unmelds from your body.
Your ring of protection from fire unmelds from your body.
Your ring of willpower unmelds from your body.
Your +3 war axe of chaos is briefly surrounded by a scintillating aura of random colours.
Reactivating autopickup.
You feel yourself speed up.
You feel a little less mighty now.
The hog splashes around in the water.
You block Kirke's attack. You block the hog's attack.
The water nymph touches you. The water nymph drowns you!
* * * LOW HITPOINT WARNING * * *
The hog bites you.
* * * LOW HITPOINT WARNING * * *
Kirke barely misses you.
You feel much better. The hog bites you.
Kirke throws some mysterious powder.
Kirke hits you!
* * * LOW HITPOINT WARNING * * *
You block the water nymph's attack. The hog bites you.
* * * LOW HITPOINT WARNING * * *
Kirke hits you.
* * * LOW HITPOINT WARNING * * *
Okay, then.
Aiming: Smiting
Press: ? - help, Dir - move target, f - Kirke Smite: Kirke (heavily wounded, fast, slightly transparent)
You smite Kirke!!
Kirke is severely wounded.
The hog splashes around in the water.
The water nymph touches you!
* * * LOW HITPOINT WARNING * * *
The water nymph drowns you!
* * * LOW HITPOINT WARNING * * *
The hog barely misses you. You block Kirke's attack.
You are confused.
You feel invigorated. The hog bites you but does no damage.
Kirke barely misses you. The water nymph touches you.
The water nymph drowns you!
You die...

≈≈≈≈≈≈≈≈≈≈≈≈≈≈≈≈≈≈≈≈≈≈
≈≈≈≈≈≈≈≈≈≈≈≈≈≈≈≈≈≈≈≈≈≈≈≈
≈≈≈≈≈≈≈≈≈≈≈≈≈≈≈≈≈≈≈≈≈≈≈≈
≈≈≈≈≈≈≈≈≈≈≈≈≈≈≈≈≈≈≈≈≈≈≈≈
≈≈≈≈≈≈...≈≈≈≈≈≈≈≈≈≈≈≈≈≈≈
≈≈≈≈≈....≈≈≈≈≈≈≈≈≈≈≈≈≈≈≈
≈≈≈≈.........≈≈m†h≈≈≈≈≈≈
≈≈≈≈......)...≈≈@h≈≈≈≈≈≈
≈..≈........##..†@.≈≈≈≈≈
≈.....###.########.≈≈≈≈≈
≈....## ### ..≈≈≈≈
....## .≈≈≈≈ ....# #
≈≈≈≈≈ ≈.≈.####.# ## ≈≈≈≈
≈≈≈≈....# ###.. ≈...
≈≈......# #.≈≈≈≈


You could see Kirke (fast, invisible), a water nymph and 2 hogs.

Vanquished Creatures
  Fannar (Lair:1)
  Erolcha (D:10)
  4 hydras
  A catoblepas (Lair:4)
  A centaur warrior (D:11)
  5 two-headed ogres
  A fire crab (Lair:4)
  An orb spider (Lair:4)
  A lindwurm (shapeshifter) (D:11)
  A swamp dragon (Lair:5)
  A cyclops (D:11)
  2 fauns (Shoals:1)
  2 ugly things (D:11)
  2 manticores (D:11)
  A will-o-the-wisp (Lair:5)
  A black mamba (Lair:4)
  A gargoyle (D:11)
  3 elephants (Lair:4)
  8 cane toads
  Maggie (D:6)
  A rime drake (Lair:3)
  4 komodo dragons
  4 trolls
  A queen bee (Lair:4)
  A polar bear (Lair:4)
  A meliai (Lair:4)
  Grinder (D:3)
  4 dream sheep (Lair:5)
  6 blink frogs
  A culicivora (shapeshifter) (Lair:5)
  Sigmund (D:5)
  A shadow (D:11)
  3 water elementals (D:11)
  5 wyverns
  29 yaks
  2 vampires
  5 hogs (Shoals:1)
  Grum (D:8)
  5 wraiths
  A basilisk (Lair:4)
  A steam dragon (D:6)
  4 vampire mosquitoes
  2 wargs (D:10)
  2 acid dragons (D:11)
  Edmund (D:5)
  11 water moccasins
  3 orc warriors
  2 swamp drakes (Lair:5)
  A sky beast (D:7)
  An ice beast (D:5)
  16 wolves
  5 centaurs
  2 phantoms (D:6)
  A kobold brigand (D:11)
  11 bullfrogs
  A gnoll sergeant (D:7)
  6 scorpions
  A necrophage (D:8)
  8 wights
  19 killer bees
  6 howler monkeys
  2 electric eels (D:11)
  3 orc priests
  Jessica (D:3)
  8 orc wizards
  Natasha (thrice) (D:2)
  An iguana (D:6)
  9 adders
  3 gnolls (D:7)
  2 shadow imps (D:6)
  A white imp (D:5)
  An ufetubus (D:7)
  A worm (D:3)
  3 dart slugs
  29 orcs
  3 bats
  10 endoplasms
  4 giant cockroaches
  13 goblins
  7 hobgoblins
  4 quokkas
  4 ball pythons
  3 frilled lizards
  8 kobolds
  8 rats
351 creatures vanquished.

Vanquished Creatures (collateral kills)
  2 hydras
  A catoblepas (Lair:3)
  A boulder beetle (Lair:4)
  The ghost of Taurus the Thaumaturge, a journeyman DECj of Vehumet (D:11)
  7 elephants (Lair:4)
  A moth of wrath (D:11)
  6 cane toads
  A black mamba (Lair:4)
  2 rime drakes
  A komodo dragon (Lair:3)
  A meliai (shapeshifter) (D:11)
  2 meliai (Lair:4)
  8 blink frogs
  5 dream sheep (Lair:3)
  3 basilisks
  8 yaks
  4 water moccasins
  17 wolves
  2 bullfrogs (Lair:3)
  A scorpion (Lair:2)
  20 killer bees (Lair:4)
  A howler monkey (D:11)
  A river rat (Lair:4)
  An orc (D:10)
97 creatures vanquished.

Vanquished Creatures (others)
  Nergalle (Lair:5)
  An orc warrior (D:11)
  An orc sorcerer (Lair:5)
  An orc priest (D:5)
  7 orcs
  A demonic plant (D:2)
  6 foxfires (Lair:5)
  77 fungi
  88 plants
183 creatures vanquished.

Grand Total: 631 creatures vanquished

Notes
Turn   | Place    | Note
-------+----------+-------------------------------------------
     0 | D:1      | NateTC the Hill Orc Fighter began the quest for the Orb.
     0 | D:1      | Reached XP level 1. HP: 19/19 MP: 1/1
   405 | D:1      | Reached XP level 2. HP: 26/27 MP: 2/2
   571 | D:1      | Reached skill level 5 in Fighting
   571 | D:1      | Reached XP level 3. HP: 35/36 MP: 3/3
  1057 | D:2      | Reached XP level 4. HP: 30/44 MP: 4/4
  1247 | D:2      | Noticed Natasha
  1251 | D:2      | Killed Natasha
  1375 | D:2      | Found a faded altar of an unknown god.
  1557 | D:2      | Noticed Natasha
  1564 | D:2      | Killed Natasha
  1565 | D:2      | Reached XP level 5. HP: 35/51 MP: 5/5
  1655 | D:2      | Noticed Natasha
  1660 | D:2      | Killed Natasha
  1716 | D:2      | Reached skill level 3 in Axes
  2392 | D:3      | Noticed Jessica
  2393 | D:3      | Noticed Grinder
  2397 | D:3      | Killed Jessica
  2398 | D:3      | Reached skill level 4 in Axes
  2403 | D:3      | Paralysed by Grinder for 3 turns
  2410 | D:3      | Killed Grinder
  2411 | D:3      | Reached skill level 6 in Axes
  2411 | D:3      | Reached XP level 6. HP: 47/60 MP: 6/6
  2980 | D:4      | Found a snail-covered altar of Cheibriados.
  3060 | D:5      | Entered Level 5 of the Dungeon
  3069 | D:5      | Became a worshipper of Beogh the Brigand
  3095 | D:5      | Reached skill level 7 in Axes
  3095 | D:5      | Reached XP level 7. HP: 64/66 MP: 7/7
  3156 | D:5      | Reached skill level 8 in Axes
  3312 | D:5      | Noticed Edmund
  3333 | D:5      | Killed Edmund
  3589 | D:5      | Reached skill level 9 in Axes
  3683 | D:5      | Found a basalt altar of Yredelemnul.
  3830 | D:5      | Noticed Sigmund
  3844 | D:5      | Killed Sigmund
  3845 | D:5      | Reached skill level 10 in Axes
  3845 | D:5      | Reached XP level 8. HP: 41/73 MP: 8/8
  4185 | D:6      | Found an iron altar of Okawaru.
  4199 | D:6      | Found a staircase to the Ecumenical Temple.
  4439 | D:6      | Found a runed translucent door.
  4440 | D:6      | Noticed Crazy Yiuf
  4992 | D:6      | Reached * piety under Beogh
  5066 | D:6      | Reached skill level 5 in Armour
  5235 | D:6      | Noticed Maggie
  5259 | D:6      | Killed Maggie
  5260 | D:6      | Reached XP level 9. HP: 54/81 MP: 9/9
  5999 | D:7      | Found Xeets's Antique Weapon Shop.
  6256 | D:7      | Found a broken altar of Ashenzari.
  6330 | D:7      | Found a runed translucent gate.
  6330 | D:7      | Found a runed translucent gate.
  6330 | D:7      | Found a runed translucent gate.
  6336 | D:7      | Noticed a kobold demonologist
  6362 | D:7      | Noticed logorrheac's ghost (novice GnWn)
  7294 | D:8      | Reached ** piety under Beogh
  7318 | D:8      | Found a staircase to the Lair.
  7340 | D:8      | Reached skill level 10 in Armour
  7418 | D:8      | Reached XP level 10. HP: 23/88 MP: 10/10
  7629 | D:8      | Noticed Grum
  7645 | D:8      | HP: 4/88 [wolf[Grum] (2)]
  7678 | D:8      | HP: 4/88 [wolf[Grum] (3)]
  7682 | D:8      | HP: 1/88 [wolf[Grum] (4)]
  7683 | D:8      | Found a flagged portal.
  7683 | D:8      | Noticed a two-headed ogre
  7758 | D:8      | Killed a two-headed ogre
  8160 | D:8      | Found a bloodstained altar of Trog.
  8340 | D:8      | Reached skill level 11 in Axes
  8487 | D:8      | Killed Grum
  8827 | D:9      | Reached skill level 12 in Axes
  8897 | D:9      | Reached skill level 1 in Evocations
  8905 | D:9      | Reached XP level 11. HP: 50/94 MP: 11/11
  9367 | D:9      | Found a radiant altar of Vehumet.
  9437 | D:9      | Reached skill level 5 in Evocations
  9452 | D:9      | Reached *** piety under Beogh
 10167 | Lair:1   | Entered Level 1 of the Lair of Beasts
 10258 | Lair:1   | Noticed Nergalle
 10340 | D:10     | Entered Level 10 of the Dungeon
 10439 | D:10     | Noticed Erolcha
 10452 | D:10     | Killed Erolcha
 10647 | D:10     | Found a staircase to the Orcish Mines.
 10911 | D:10     | Reached skill level 5 in Invocations
 11063 | D:10     | Found a white marble altar of Elyvilon.
 11427 | D:11     | Noticed a manticore
 11434 | D:11     | Killed a manticore
 11563 | D:11     | Noticed a two-headed ogre
 11570 | D:11     | Killed a two-headed ogre
 11706 | D:11     | Noticed an eight-headed hydra
 11717 | D:11     | Killed an eight-headed hydra
 12008 | D:11     | Noticed a six-headed hydra
 12021 | D:11     | Killed a six-headed hydra
 12022 | D:11     | Reached skill level 10 in Fighting
 12022 | D:11     | Noticed a cyclops
 12320 | D:11     | Noticed a two-headed ogre
 12332 | D:11     | Killed a two-headed ogre
 12604 | D:11     | Reached XP level 12. HP: 107/108 MP: 16/16
 12651 | D:11     | Reached skill level 13 in Axes
 13096 | D:11     | Noticed a tengu warrior
 13098 | D:11     | Noticed a two-headed ogre
 13099 | D:11     | Noticed a two-headed ogre
 13102 | D:11     | Found a bloodstained altar of Trog.
 13108 | D:11     | Killed Taurus's ghost
 13108 | D:11     | Reached **** piety under Beogh
 13108 | D:11     | Noticed a two-headed ogre
 13125 | D:11     | Killed a two-headed ogre
 13146 | D:11     | Noticed a two-headed ogre
 13152 | D:11     | Killed a two-headed ogre
 13526 | D:11     | Noticed a centaur warrior
 13531 | D:11     | Killed a centaur warrior
 13532 | D:11     | Reached skill level 14 in Axes
 13557 | D:11     | Reached skill level 15 in Axes
 14067 | D:11     | Found a shimmering blue altar of Sif Muna.
 14155 | D:11     | Found a transporter.
 14157 | D:11     | Found a transporter.
 14304 | D:11     | Found a portal to a secret trove of treasure.
 14772 | D:11     | Identified the +2 helmet of Exkoijamm {Dex+2}
 15415 | Lair:1   | Reached skill level 16 in Axes
 15446 | Lair:1   | Noticed Fannar
 15461 | Lair:1   | Killed Fannar
 15720 | Lair:2   | Reached skill level 5 in Shields
 15759 | Lair:2   | Reached XP level 13. HP: 68/119 MP: 17/17
 16656 | Lair:3   | Reached ***** piety under Beogh
 18248 | Lair:4   | Reached XP level 14. HP: 72/132 MP: 18/18
 18270 | Lair:4   | Reached skill level 10 in Evocations
 18281 | Lair:4   | Reached ****** piety under Beogh
 18354 | Lair:4   | Reached skill level 17 in Axes
 18698 | Lair:4   | Got the Papyrus of Bewitching Dark Arts
 18894 | Lair:4   | Found a staircase to the Shoals.
 18987 | Lair:4   | Reached skill level 18 in Axes
 19176 | Lair:4   | Found a hole to the Spider Nest.
 19657 | Lair:5   | Your ally Nergalle died
 20005 | Lair:5   | Identified the +0 pair of gloves "Wane" {rF+++ SInv Stlth+}
 20889 | Lair:5   | Reached skill level 10 in Shields
 21642 | Shoals:1 | Entered Level 1 of the Shoals
 21716 | Shoals:1 | Noticed Kirke
 21736 | Shoals:1 | HP: 2/133 [drowned by a water nymph (12)]
 21737 | Shoals:1 | Drowned by a water nymph

Illustrated notes

Levels and vault maps discovered:
D:1:      lightli_arrival_maybe_door_vault, layout_basic, st_stairs_11
D:2:      layout_basic, dreamdust_ecumenical_altar_sealed_demon,
          minmay_close_crescents, uniq_natasha
D:3:      kennysheep_six_static_rooms, layout_rooms, uniq_grinder, uniq_jessica
D:4:      layout_basic, riverfiend_overflow_shadow_ancestor, lemuel_doored_altar
D:5:      layout_loops_ring, yredelemnul_altar_generic, sigmund_edmund_badplayer
D:6:      layout_layer_cave, mainiacjoe_overflow_24_doors,
          minmay_temple_entry_arrows, uniq_maggie, uniq_crazy_yiuf_cottage
D:7:      layout_basic, ashenzari_altar_1, serial_shops,
          nicolae_shop_statue_plus, gammafunk_ghost_nasty_kobolds
D:8:      layout_basic, old_standard_altar, due_lair_maze_entry_diamond,
          enter_bailey_5, uniq_grum
D:9:      layout_roguey, vehumet_statue
D:10:     layout_rooms, marbit_many_paths, david_orc_1_choice, uniq_erolcha
D:11:     cheibrodos_ideogram_h, layout_basic, nicolae_trove_entry_isolated,
          gammafunk_ghost_wrathful_warriors, tgw_sif
Lair:1:   layout_big_grid, uniq_nergalle, uniq_fannar
Lair:2:   layout_gridlike, grunt_megastairs_3
Lair:3:   layout_regular_city
Lair:4:   regret_index_bee_streams, layout_regular_city,
          elwin_shoals_entry_rocks, nicolae_spider_entry_orb_guardian,
          st_stairs_5, lemuel_fruit_tree
Lair:5:   layout_roguey, pond, infiniplex_staircase_pool
Shoals:1: cheibrodos_shoals_gigantism, layout_shoals, uniq_kirke

Skill      XL: |  1  2  3  4  5  6  7  8  9 10 11 12 13 14 |
---------------+-------------------------------------------+-----
Fighting       | 4 5 6 7 8 10 12 14 | 14.8
Axes           | 6 7 10 12 16 18 | 18.0
Armour         | 6 10 12 | 12.8
Evocations     | 3 6 9 10 | 10.0
Invocations    | 6 |  6.3
Shields        | 6 9 10 | 10.4

Action                   |  1- 3 |  4- 6 |  7- 9 | 10-12 | 13-15 || total
-------------------------+-------+-------+-------+-------+-------++-------
Melee: War axe           |    94 |   103 |   286 |   504 |   343 ||  1330
       Morningstar       |       |       |       |    11 |    25 ||    36
       Unarmed           |       |       |       |       |     1 ||     1
Invok: Convert to Beogh  |       |     1 |       |       |       ||     1
       Smiting           |       |       |       |     1 |     2 ||     3
       Recall Orcish Fol |       |       |       |       |     5 ||     5
Evoke: Wand              |       |       |       |     4 |     1 ||     5
  Use: Scroll            |     1 |     4 |     6 |    12 |     5 ||    28
       Potion            |       |     1 |     2 |     8 |     7 ||    18
 Stab: Distracted        |       |       |       |     2 |     7 ||     9
       Confused          |       |       |       |       |     1 ||     1
       Petrified         |       |       |       |       |     2 ||     2
Armor: Scale mail        |    38 |    39 |    65 |       |       ||   142
       Chain mail        |       |       |    61 |    51 |       ||   112
       Swamp dragon scal |       |       |     1 |       |       ||     1
       Plate armour      |       |       |       |   291 |   302 ||   593
Dodge: Dodged            |    58 |    44 |    98 |   135 |   132 ||   467
Block: Buckler           |    26 |    21 |   119 |   288 |   176 ||   630
       Reflection        |       |       |     4 |    12 |     3 ||    19
       Kite shield       |       |       |       |       |    63 ||    63
       Other             |       |       |       |       |     2 ||     2

Table legend: (Time is in decaauts)
 A = Elapsed time spent in this place.
 B = Non-inter-level travel time spent in this place.
 C = Inter-level travel time spent in this place.
 D = Time resting spent in this place.
 E = Time spent auto-exploring this place.
 F = Levels seen in this place.
 G = Mean time per level.
                   A        B        C        D        E       F      G
               +--------+--------+--------+--------+--------+-----+--------+
         Total |  21694 |  20645 |   1049 |   8731 |   4103 |  17 | 1276.1 |
       Dungeon |  15016 |  14222 |    794 |   5884 |   2714 |  11 | 1365.1 |
          Lair |   6587 |   6333 |    254 |   2827 |   1389 |   5 | 1317.4 |
        Shoals |     90 |     90 |      0 |     20 |      0 |   1 |   90.0 |
               +--------+--------+--------+--------+--------+-----+--------+

Top non-repeatable levels by time:
    D:11: 3444 daAuts
  Lair:4: 1997 daAuts
     D:6: 1801 daAuts
     D:8: 1745 daAuts
  Lair:5: 1732 daAuts
     D:9: 1548 daAuts
     D:7: 1254 daAuts
     D:5: 1122 daAuts
     D:2: 1112 daAuts
  Lair:3: 1027 daAuts
    D:10: 970 daAuts
  Lair:2: 931 daAuts
     D:1: 927 daAuts
  Lair:1: 898 daAuts
     D:3: 681 daAuts
